 Dungeon Crawl Stone Soup version 0.30.1-9-gdf580d7c3d (webtiles) character file.

Game seed: 4551768763490262558

16651 lonewolfV2 the Cleaver (level 12, -4/97 HPs)
             Began as a Formicid Fighter on Oct 11, 2023.
             Was an Initiate of Gozag.
             Slain by a slime creature (9 damage)
             ... on level 12 of the Dungeon.
             The game lasted 00:25:09 (15394 turns).

lonewolfV2 the Cleaver (Formicid Fighter)          Turns: 15394, Time: 00:25:10

Health: -4/97      AC: 12    Str: 28    XL:     12   Next: 72%
Magic:  21/21      EV: 13    Int:  8    God:    Gozag
Gold:   1126       SH:  0    Dex: 23    Spells: 11/11 levels left

rFire   . . .        a - +1 war axe
rCold   . . .        c - +1 buckler
rNeg    . . .        b - +0 scale mail
rPois   +            (helmet unavailable)
rElec   .            (no cloak)
rCorr   +            k - +2 pair of gloves {infuse}
SInv    +            (no boots)
Will    +....        v - amulet of the acrobat Stlth
                     p - ring "Joeseer" {rPois rCorr MP+9 Str-2 Dex+8}
HPRegen 0.36/turn    r - +6 ring of strength
MPRegen 0.17/turn

%: acrobat, infuse magic (1 MP)
@: confused, ambrosia-drunk, studying Maces & Flails, invisible
A: permanent stasis, dig shafts and tunnels, antennae 3, four strong arms
a: Dig, Shaft Self, Renounce Religion, Potion Petition, Call Merchant, Bribe
Branch


You were on level 12 of the Dungeon.
You worshipped Gozag.
Gozag was most pleased with you.
You visited 2 branches of the dungeon, and saw 13 of its levels.
You also visited: Ossuary.

You collected 3182 gold pieces.
You spent 526 gold pieces at shops.
You paid 1530 gold pieces to Gozag.

Inventory:

Hand Weapons
 a - a +1 war axe (weapon)
Armour
 b - a +0 scale mail (worn)
 c - a +1 buckler (worn)
 k - a +2 pair of gloves of infusion (worn)
 y - the +0 chain mail "Ziuckuak" {rElec Slay-4 Stlth+}
   (You bought it in a shop on level 7 of the Dungeon)

   Slay:      It affects your accuracy & damage with ranged weapons and melee
   (-4).
   rElec:     It insulates you from electricity.
   Stlth:     It makes you more stealthy.
Jewellery
 p - the ring "Joeseer" (left hand) {rPois rCorr MP+9 Str-2 Dex+8}
   (You acquired it on level 4 of the Dungeon)

   [ring of magical power]

   Str:       It affects your strength (-2).
   Dex:       It affects your dexterity (+8).
   rPois:     It protects you from poison.
   MP:        It affects your magic capacity (+9).
   rCorr:     It protects you from acid and corrosion.
 r - a +6 ring of strength (right hand)
 v - an amulet of the acrobat (around neck)
Wands
 e - a wand of roots (4)
 C - a wand of paralysis (4)
 E - a wand of polymorph (6)
 F - a wand of flame (12)
Scrolls
 g - 9 scrolls of teleportation
 i - 4 scrolls of fear
 j - 3 scrolls of enchant weapon
 m - 3 scrolls of amnesia
 o - a scroll of magic mapping
 q - 3 scrolls of enchant armour
 G - a scroll of fog
 I - a scroll of noise {unknown}
 J - a scroll of poison
Potions
 f - 6 potions of degeneration
 l - 5 potions of mutation
 n - 2 potions of cancellation {unknown}
 s - a potion of flight {unknown}
 u - 5 potions of attraction
 x - a potion of resistance {unknown}
 z - a potion of lignification {unknown}
 A - 2 potions of magic {unknown}
 B - a potion of berserk rage {unknown}
 D - a potion of haste {unknown}
 H - a potion of brilliance {unknown}


   Skills:
 + Level 9.6 Fighting
 + Level 13.7 Axes
 + Level 9.7 Armour
 + Level 4.7 Dodging
 + Level 4.3 Stealth
 + Level 9.1 Shields


You had 11 spell levels left.
You didn't know any spells.
Your spell library contained the following spells:

 Spells                   Type           Power      Damage    Failure   Level
 Apportation              Tloc           0%         N/A       67%         1
 Shock                    Conj/Air       0%         1d3       67%         1
 Slow                     Hex            0%         N/A       67%         1
 Scorch                   Fire           0%         2d5       80%         2
 Confusing Touch          Hex            0%         N/A       95%         3
 Vampiric Draining        Necr           0%         2d6       95%         3
 Airstrike                Air            0%         2d(0-16)  100%        4
 Flame Wave               Conj/Fire      0%         2d4       100%        4
 Olgreb's Toxic Radiance  Pois           0%         N/A       100%        4
 Alistair's Intoxication  Tmut/Pois      0%         N/A       100%        5
 Summon Cactus Giant      Summ           0%         N/A       100%        6
 Discord                  Hex            0%         N/A       100%        8
 Ignition                 Fire           0%         3d3       100%        8
 Swiftness                Air            Unusable   N/A       N/A         3

Dungeon Overview and Level Annotations

Branches:
Dungeon (12/15)            Temple (1/1) D:5            Lair (0/5) D:10
Ossuary (visited)
    Orc: D:9-12

Altars:
Ashenzari
Cheibriados
Dithmenos
Elyvilon
Fedhas
Gozag
Hepliaklqana
Makhleb
Nemelex Xobeh
Okawaru
Ru
Sif Muna
Trog
Uskayaw
Vehumet
Wu Jian
Xom
Yredelemnul
The Shining One

Shops:
D:7 [   D:10 [

Annotations:
D:7 3 runed translucent doors, IHitMyHead's ghost, novice DsGl
D:8 exclusion: statue


Innate Abilities, Weirdness & Mutations

You cannot be hasted, slowed, berserked, paralysed or teleported.
You can dig through walls and to a lower floor.
You have a pair of large antennae on your head. (SInv)
Your four strong arms can wield two-handed weapons with a shield.


Message History

The slime creature hits you!
You slice the slime creature!!
The slime creature is severely wounded.
An orc knight comes into view. It is wielding a +3 battleaxe.
Two slime creatures merge to form a large slime creature.
You slash the large slime creature!
The large slime creature is heavily wounded.
The large slime creature hits you!!
You slice the large slime creature!!
The large slime creature is severely wounded.
Two slime creatures merge to form a very large slime creature.
You slash the very large slime creature!
The very large slime creature is heavily wounded.
A very large slime creature splits.
You slash the large slime creature!
The large slime creature is heavily wounded.
You hit the slime creature.
The large slime creature closely misses you.
You slash the large slime creature!
The large slime creature is severely wounded.
You slash the slime creature! The slime creature hits you!
You slash the large slime creature!
The large slime creature is severely wounded.
You hit the slime creature. The large slime creature hits you!!
* * * LOW HITPOINT WARNING * * *
The slime creature misses you.
Unknown command.
You are confused.
You feel invigorated. The large slime creature misses you.
The slime creature hits you!
* * * LOW HITPOINT WARNING * * *
You fade into invisibility!
A large slime creature splits.
The slime creature hits you!
* * * LOW HITPOINT WARNING * * *
Okay, then.
You bump into the rock wall.
The slime creature hits you.
* * * LOW HITPOINT WARNING * * *
The slime creature hits you!
You die...
Your body crumbles into a pile of gold. { { $ #........# #........ { #....... ### ### #...... ##.#####.# ..... .........# Jo.

###.###### #J### ....#
#@J.## ####### ###..#
......# ######.### ......#
#>.....!.# ......#
###........# ......#
#............# ......#
##.#........#....
...._.#####..#........####.
......'.....###########


You could see an orc knight (unable to see you) and 3 slime creatures.

Vanquished Creatures
  Erolcha (D:10)
  2 boulder beetles
  A centaur warrior (D:8)
  3 two-headed ogres
  2 unseen horrors
  A komodo dragon (D:10)
  A troll (D:10)
  A hornet (D:9)
  5 slime creatures (D:9)
  28 yaks
  A basilisk (D:10)
  6 wyverns
  3 steam dragons
  3 water moccasins
  8 orc warriors
  A black bear (D:5)
  An ice beast (D:5)
  A hornet zombie (D:7)
  5 ogres
  2 sky beasts
  3 centaurs
  3 phantoms
  3 kobold brigands
  2 bullfrogs (D:7)
  3 scorpions
  A gnoll sergeant (D:9)
  7 wights
  12 killer bees
  A centaur zombie (D:7)
  4 howler monkeys (D:9)
  A hound (D:5)
  A gnoll bouda (D:5)
  6 orc priests
  3 sleepcaps
  4 jellies
  2 iguanas
  6 orc wizards
  8 mummies (Ossuary)
  11 adders
  3 gnolls (D:9)
  2 white imps
  3 ufetubi
  2 worms
  A dart slug (D:2)
  65 orcs
  4 bats
  10 endoplasms
  4 giant cockroaches
  2 gnoll zombies (Ossuary)
  6 goblins
  3 hobgoblins
  9 jackals
  A quokka (D:3)
  6 ball pythons
  4 frilled lizards
  A hobgoblin zombie (Ossuary)
  20 kobolds
  A kobold zombie (Ossuary)
  4 orc zombies (Ossuary)
  5 rats
  A butterfly (D:5)
314 creatures vanquished.

Notes
Turn   | Place    | Note
-------+----------+-------------------------------------------
     0 | D:1      | lonewolfV2 the Formicid Fighter began the quest for the
                  | Orb.
     0 | D:1      | Reached XP level 1. HP: 18/18 MP: 1/1
   108 | D:1      | Reached XP level 2. HP: 18/24 MP: 2/2
   199 | D:1      | Reached XP level 3. HP: 26/29 MP: 3/3
   722 | D:2      | Found a burning altar of Makhleb.
   752 | D:2      | Reached skill level 1 in Dodging
   833 | D:2      | Reached XP level 4. HP: 32/37 MP: 0/4
   922 | D:2      | Reached skill level 3 in Axes
  1353 | D:2      | Reached XP level 5. HP: 42/42 MP: 3/5
  1870 | D:3      | Found a glowing golden altar of the Shining One.
  1960 | D:3      | Found a sacrificial altar of Ru.
  2279 | D:3      | Found a sparkling altar of Nemelex Xobeh.
  2357 | D:3      | Found a faded altar of an unknown god.
  3280 | D:4      | Reached XP level 6. HP: 43/48 MP: 3/6
  3291 | D:4      | Identified a scroll of acquirement
  3291 | D:4      | Acquired the ring "Joeseer" {rPois rCorr MP+9 Str-2 Dex+8}
  3771 | D:4      | Found a shimmering blue altar of Sif Muna.
  3798 | D:5      | Entered Level 5 of the Dungeon
  3798 | D:5      | Found a staircase to the Ecumenical Temple.
  3801 | D:5      | Noticed an ogre
  3810 | D:5      | Killed an ogre
  3811 | D:5      | Reached skill level 4 in Axes
  3811 | D:5      | Reached skill level 5 in Shields
  3887 | Temple   | Entered the Ecumenical Temple
  3907 | Temple   | Became a worshipper of Gozag Ym Sagoz the Greedy
  3955 | D:5      | Reached XP level 7. HP: 49/54 MP: 7/7
  3993 | D:5      | Reached skill level 5 in Axes
  4211 | D:5      | Found a sand-covered staircase.
  4387 | Ossuary  | Entered an ossuary
  5179 | D:5      | Reached skill level 6 in Axes
  5179 | D:5      | Reached skill level 5 in Armour
  5179 | D:5      | Reached XP level 8. HP: 44/61 MP: 8/8
  5328 | D:5      | Reached skill level 1 in Stealth
  5416 | D:5      | Reached skill level 5 in Fighting
  5462 | D:5      | Reached skill level 7 in Axes
  5577 | D:5      | Found a shimmering altar of Xom.
  5644 | D:6      | Noticed a wyvern
  5650 | D:6      | Killed a wyvern
  5677 | D:6      | Noticed a two-headed ogre
  5688 | D:6      | Killed a two-headed ogre
  5689 | D:6      | Reached skill level 8 in Axes
  5689 | D:6      | Reached XP level 9. HP: 11/68 MP: 9/9
  6895 | D:6      | Reached skill level 9 in Axes
  7514 | D:7      | Reached XP level 10. HP: 58/71 MP: 10/10
  7571 | D:7      | Found a broken altar of Ashenzari.
  7734 | D:7      | Reached skill level 10 in Axes
  7949 | D:7      | Found a bloodstained altar of Trog.
  7950 | D:7      | Found a blossoming altar of Fedhas.
  7961 | D:7      | Found an iron altar of Okawaru.
  7961 | D:7      | Found a hazy altar of Hepliaklqana.
  8058 | D:7      | Found a runed translucent gate.
  8058 | D:7      | Found a runed translucent gate.
  8058 | D:7      | Found a runed translucent gate.
  8058 | D:7      | Noticed IHitMyHead's ghost (novice DsGl)
  8060 | D:7      | Found a basalt altar of Yredelemnul.
  8789 | D:7      | Bought a fading chain mail for 294 gold pieces
  8789 | D:7      | Identified the +0 chain mail "Ziuckuak" {rElec Slay-4
                  | Stlth+} (You bought it in a shop on level 7 of the Dungeon)
  8789 | D:7      | Bought a shiny chain mail for 232 gold pieces
  8823 | D:8      | Noticed an unseen horror
  8857 | D:8      | Killed an unseen horror
  8863 | D:8      | Noticed a two-headed ogre
  9156 | D:8      | Killed a two-headed ogre
  9206 | D:8      | Noticed a centaur warrior
  9480 | D:8      | Killed a centaur warrior
  9481 | D:8      | Reached skill level 11 in Axes
  9890 | D:8      | Found a white marble altar of Elyvilon.
  9945 | D:8      | Reached XP level 11. HP: 55/84 MP: 11/11
 10274 | D:8      | Found a radiant altar of Vehumet.
 10851 | D:9      | Found a shadowy altar of Dithmenos.
 11038 | D:9      | Found a burning altar of Makhleb.
 11578 | D:9      | Reached skill level 12 in Axes
 11679 | D:9      | Noticed a boulder beetle
 11728 | D:9      | Killed a boulder beetle
 12246 | D:10     | Entered Level 10 of the Dungeon
 12246 | D:10     | Noticed a centaur warrior
 12247 | D:10     | Noticed a two-headed ogre
 12267 | D:10     | Killed a two-headed ogre
 12925 | D:10     | Reached XP level 12. HP: 94/94 MP: 12/12
 13299 | D:10     | Found a staircase to the Lair.
 13460 | D:10     | Reached skill level 13 in Axes
 14204 | D:10     | Noticed Erolcha
 14220 | D:10     | Killed Erolcha
 14419 | D:11     | Noticed a boulder beetle
 14448 | D:11     | Killed a boulder beetle
 15085 | D:11     | You fall into a shaft and drop 1 floor!
 15394 | D:12     | Slain by a slime creature

Illustrated notes

Levels and vault maps discovered:
D:1:      dpeg_arrival_simpleton_c, layout_rooms, dk_noncrumbling_4
D:2:      layout_loops_ring, basic_altar
D:3:      layout_rooms, marbit_many_paths, mainiacjoe_overflow_24_doors,
          mainiacjoe_overflow_alcove_1, shapermc_ecumenical_altar_ellora,
          minmay_door_square
D:4:      kb_forest_paths, layout_basic, nicolae_sif_muna_little_library,
          chequers_serial_rivers_micro_c, kennysheep_nondescript
D:5:      minmay_bubble_buster, layout_cave_pools, xom_butterflies,
          minmay_temple_entry_sparse_star, nicolae_ossuary_entry_ruins,
          st_stairs_13
D:6:      layout_loops_corners, st_stairs_6, corexii_item_surrounded_by_moat
D:7:      layout_basic, nicolae_yredelemnul_ghost_church,
          grunt_temple_overflow_open, nicolae_ashenzari_skybound
D:8:      layout_rooms, elyvilon_altar_5, vehumet_statue, minmay_manual_monolith
D:9:      layout_long_grid, bloody_makhleb,
          nicolae_dithmenos_through_a_glass_darkly
D:10:     layout_roguey, erik_lair_dragon, nicolae_fountain_basement,
          uniq_erolcha
D:11:     layout_roguey [special_room_bee], uniq_gastronok
D:12:     layout_roguey [special_room_orc], erik_orc_1
Temple:   hellmonk_temple_of_storms

Skill      XL: |  1  2  3  4  5  6  7  8  9 10 11 12 |
---------------+-------------------------------------+-----
Dodging        | 1 2 3 4 |  4.7
Axes           | 3 4 6 8 9 11 12 13 | 13.7
Armour         | 4 5 6 7 8 9 |  9.7
Fighting       | 4 5 7 8 9 |  9.6
Shields        | 5 6 8 9 |  9.1
Stealth        | 2 3 4 |  4.3

Action                     |  1- 3 |  4- 6 |  7- 9 | 10-12 || total
---------------------------+-------+-------+-------+-------++-------
  Melee: War axe           |    89 |   140 |   207 |   552 ||   988
 Invoke: Call Merchant     |       |       |       |     2 ||     2
Ability: Shaft Self        |       |       |       |     1 ||     1
    Use: Scroll            |       |    10 |     2 |     5 ||    17
         Potion            |       |       |     3 |    17 ||    20
   Stab: Distracted        |       |       |     4 |     5 ||     9
         Sleeping          |       |       |       |     1 ||     1
 Armour: Scale mail        |    41 |    74 |    69 |   121 ||   305
  Dodge: Dodged            |    52 |    56 |    97 |   317 ||   522
  Block: Buckler           |    31 |    54 |    75 |   208 ||   368
